Unix NetHack Version 5.0.0-0 post-release - last build May 23 2026 06:08:33 (1c0ff79ee797540d5714e4e18072db0edd9e58ae,branch:main).

Game began 2026-05-28 22:28:02, ended 2026-05-28 23:07:09.

FalseGod, neutral male gnomish Wizard

                                    ^
                  --------       ---|---    -----------
                  |......|       |......####..........|             ----------
                  |......|       |....*|    |.........|             |........|
 ---------       #........#      |...).|####..........|             |..^...^.|
 |.[[.[[.|       #|......|#      -----|-#   |..........#            --------.-
 |.[)[[.[|       #|......|#     ######) #   |`........|#                    #
 |.......|       #--------#    ##      ##   -----------#                    #
 -------|-       #       ##    #                       #                #####
        #        #       #     #       ###################           ####
        #        #       #   ###                      ######### ######
        #        #       #---@----------                 #   -.-|------
      ###        #       #|..B:......<.|                 ##  |........|
     -.---       ###     #.............|                  ###.........|
     |....#        #      |............|                     |........|
     |.^.|#   -----#      |............|                     ----------
     |..`|####|...|#      --------------
     |..>|   #|...-#
     -----   #.(^.|
              -----

FalseGod the Conjurer     St:12 Dx:9 Co:11 In:19 Wi:12 Ch:14  Neutral
Dlvl:2  $:66 HP:0(28) Pw:26(36) AC:7  Xp:4 T:2698 

Latest messages:
 The cave spider bites!
 In what direction? n
 The spell hits the cave spider!
 You kill the cave spider!
 M - a cave spider corpse.
 N - a scroll of remove curse.
 There is an altar to Thoth (neutral) here.
 There are many objects here.
 What do you want to sacrifice? [M or ?*] M
 Your sacrifice is consumed in a plume of smoke!
 An athame named Magicbane appears at your feet!
 The voice of Thoth rings out: "Use my gift wisely!"
 z - 8 blessed darts.
 O - an athame named Magicbane.
 r - an uncursed food ration.
 k - a blessed scroll of identify.
 i - 2 uncursed scrolls of identify.
 q - an uncursed spellbook of cone of cold.
 m - an uncursed spellbook of cure sickness.
 l - a blessed spellbook of force bolt.
 w - an uncursed swirly potion.
 h - an uncursed potion of blindness.
 g - an uncursed potion of healing.
 f - an uncursed potion of sleeping.
 y - a cursed bag.
 Where do you want to travel to?
 (For instructions type a '?')
 The giant bat bites!
 The giant bat bites!
 You hit the giant bat.
 The giant bat bites!
 The giant bat bites!
 In what direction? b
 The spell hits the giant bat!
 The giant bat bites!
 The giant bat bites!
 In what direction? b
 The spell hits the giant bat!
 You kill the giant bat!
 The bat bites!
 Are you sure you want to pray? [yn] (n) y
 You begin praying to Thoth.
 The bat bites!
 The bat bites!
 You die...
 Do you want your possessions identified? [ynq] (y) n
 Do you want to see your attributes? [ynq] (y) n
 Do you want an account of creatures vanquished? [ynaq] (y) n
 Do you want to see your conduct and achievements? [ynq] (y) n
 Do you want to see the dungeon overview? [ynq] (y) n

Inventory:
 Coins    ('$')
  $ - 66 gold pieces
 Weapons  (')')
  z - 8 blessed +0 darts
  F - a +0 dagger (weapon in right hand)
  O - the rustproof +0 Magicbane
 Armor    ('[')
  H - an uncursed +0 pair of leather gloves (being worn)
  G - an uncursed +0 pair of elven boots
  C - an uncursed +0 shield of drain resistance (being worn)
  b - an uncursed +0 cloak of magic resistance (being worn)
  E - a blessed +3 elven cloak
 Comestibles  ('%')
  r - an uncursed food ration
 Scrolls  ('?')
  k - a blessed scroll of identify
  i - 2 uncursed scrolls of identify
  N - an uncursed scroll of remove curse
 Spellbooks  ('+')
  q - an uncursed spellbook of cone of cold
  m - an uncursed spellbook of cure sickness
  l - a blessed spellbook of force bolt
 Potions  ('!')
  h - an uncursed potion of blindness
  g - an uncursed potion of healing
  w - an uncursed potion of object detection
  f - an uncursed potion of sleeping
 Rings    ('=')
  d - an uncursed +1 ring of increase accuracy
  e - an uncursed ring of warning
 Wands    ('/')
  t - a wand of digging (0:6)
  c - a wand of make invisible (0:8)
 Tools    ('(')
  y - an empty cursed bag of holding
  n - a magic marker (0:20)

FalseGod the Wizard's attributes:

Background:
 You were a Conjurer, a level 4 male gnomish Wizard.
 You were neutral, on a mission for Thoth
 who was opposed by Ptah (lawful) and Anhur (chaotic).
 You were right-handed.
 You were in the Dungeons of Doom, on level 2.
 You entered the dungeon 2698 turns ago.
 It was nighttime.
 You had 147 experience points, 13 more were needed to attain level 5.

Basics:
 You had 0 out of 28 hit points.
 You had 26 out of 36 energy points (spell power).
 Your armor class was 7.
 Your wallet contained 66 zorkmids.
 Autopickup was off.

Final Characteristics:
 Your strength was 12 (limit:18/50).
 Your dexterity was 9 (limit:18).
 Your constitution was 11 (limit:18).
 Your intelligence was 19 (limit:19).
 Your wisdom was 12 (limit:18).
 Your charisma was 14 (limit:18).

Final Status:
 You weren't hungry.
 You were unencumbered.
 You were wielding a dagger.
 You were unskilled in dagger.

Final Attributes:
 You were piously aligned.
 You were magic-protected.
 You were level-drain resistant.
 You were telepathic.
 You had infravision.
 You were warded.
 You are dead.

Miscellaneous:
 You didn't encounter any bones levels.
 Total elapsed playing time was 39 minutes and 6 seconds.

Major events:
 Turn
    1: FalseGod the neutral male gnomish Wizard entered the dungeon
 1138: attained the rank of Conjurer (level 3)
 2673: was bestowed with Magicbane by Thoth
 2698: killed by a bat, while praying

Spells:
 Name                 Level Category     Fail Retention
 force bolt             1   attack         0%   81%-90%
 cure sickness          3   healing       85%  76%-100%
 cone of cold           4   attack        72%   81%-90%

Skills:
 Fighting Skills
   bare handed combat [Unskilled]
   riding             [Unskilled]
 Weapon Skills
   dagger             [Unskilled]
   knife              [Unskilled]
   axe                [Unskilled]
   short sword        [Unskilled]
   club               [Unskilled]
   mace               [Unskilled]
   quarterstaff       [Basic]
   polearms           [Unskilled]
   spear              [Unskilled]
   trident            [Unskilled]
   sling              [Unskilled]
   dart               [Unskilled]
   shuriken           [Unskilled]
 Spellcasting Skills
   attack spells      [Basic]
   healing spells     [Unskilled]
   divination spells  [Unskilled]
   enchantment spells [Basic]
   clerical spells    [Unskilled]
   escape spells      [Unskilled]
   matter spells      [Unskilled]

Voluntary challenges:
 Character rerolling was not enabled.
 You never genocided any monsters.
 You never polymorphed an object.
 You never changed form.
 You used no wishes.
Achievements:
 You entered a shop.
 You attained the rank of Conjurer.

 The Dungeons of Doom: levels 1 to 2
    Level 1:
       A fountain.
    Level 2: "vault" <- You were here.
       An armor shop, an altar to Thoth.
       Final resting place for
          you, killed by a bat, while praying.


Vanquished creatures:
  a small mimic
  a floating eye
  a homunculus
  a giant bat
  a wererat
 an iguana
  a hobbit
  a large kobold
  a cave spider
  a yellow mold
  2 geckos
  7 jackals
  2 kobolds
  2 goblins
  5 grid bugs
  a bat
  4 lichens
  a kobold zombie
  7 newts
41 creatures vanquished.

No species were genocided or became extinct.

Game over:
                       ----------
                      /          \
                     /    REST    \
                    /      IN      \
                   /     PEACE      \
                  /                  \
                  |     FalseGod     |
                  |      66 Au       |
                  | killed by a bat  |
                  |                  |
                  |                  |
                  |                  |
                  |       2026       |
                 *|     *  *  *      | *
        _________)/\\_//(\/(/\)/\//\/|_)_______

Goodbye FalseGod the Wizard...

You died in The Dungeons of Doom on dungeon level 2 with 708 points,
and 66 pieces of gold, after 2698 moves.
You were level 4 with a maximum of 28 hit points when you died.

